AoeStats
← joosephy

Pilgrims

508643131Analyzed
4v4 RM · 9d ago on Sep 23, 2026· 22m 29s· 8 players
Game mode
Random Map
Map size
Large (8 player)
Population
200
Speed
Normal
Resources
Standard
Victory
Conquest
Starting age
Dark Age
Ending age
Imperial Age
RankedLock teamsTeams togetherTeam positionsShared explorationLock speedFull tech treeHidden civsTurbo modeCheats
Victory
Defeat
🇹🇼 Khmer · Taiwan
1621
+12
🇫🇷 Italians · France
1574
+14
🇭🇰 Britons · Hong Kong SAR China
1529
+16
1496
+17
🇮🇳 Danes · India
1577
-17
🇮🇳 Armenians · India
1554
-16
🇮🇳 Bohemians · India
1507
-14
🇮🇳 Varangians · India
1457
-12
Jambonbeurre
8:07 Loom
10:53 Feudal Age
11:46 Double-Bit Axe
17:19 Castle Age
15:54 Fletching
15:59 Fishing Lines
17:34 Crossbowman
18:33 Gillnets
joosephy
4:36 Loom
12:47 Feudal Age
15:54 Castle Age
13:51 Double-Bit Axe
15:08 Fishing Lines
17:00 Town Watch
21:53 Gold Mining
(° ^ °)???
1:21 Loom
10:26 Feudal Age
11:28 Double-Bit Axe
11:27 Fishing Lines
12:48 Town Watch
15:33 Castle Age
16:01 Fletching
16:40 Bow Saw
16:51 Medium Warships
17:02 Bodkin Arrow
18:26 Wheelbarrow
18:40 Gillnets
22:59 Squires
23:00 Scale Mail Armor
pigpig_aoe
9:24 Loom
11:39 Feudal Age
17:23 Castle Age
15:07 Fishing Lines
15:36 Double-Bit Axe
17:14 Gold Mining
18:18 Fletching
18:41 Medium Warships
18:21 Gillnets
18:45 Bow Saw
20:07 Wheelbarrow
19:30 Bodkin Arrow
20:23 Stone Mining
Emperor2698
6:28 Loom
15:51 Feudal Age
20:13 Castle Age
21:10 Double-Bit Axe
23
5:21 Loom
11:01 Feudal Age
15:06 Castle Age
13:51 Double-Bit Axe
16:26 Fletching
19:15 Bodkin Arrow
AL. EviL DeEdZ
13:04 Feudal Age
16:54 Castle Age
15:33 Double-Bit Axe
19:59 Sanctity
Sanskari Ladka
8:02 Loom
10:48 Feudal Age
10:54 Man-at-Arms
12:13 Arson
12:22 Fishing Lines
13:56 Horse Collar
15:48 Wheelbarrow
15:01 Double-Bit Axe
21:18 Castle Age
Connection lost

Rejoining the realm…

Still unreachable

The connection could not be restored.

Session expired

The server has moved on; the page needs a fresh start.